Cogmind - Beta 13 @@@ ROGUE MODE // 2024.04.08 @ 00:37:53 Player: triplej Result: Destroyed by Y-45 Defender with Beam Rifle Performance ------------- Evolutions (1) 500 Regions Visited (3) 600 Robots Destroyed (18) 90 Value Destroyed (391) 391 Prototype IDs (1) 20 Alien Tech Used (0) 0 Bonus (0) 0 TOTAL SCORE: 1601 Bonus ------- None Cogmind --------- Core Integrity 0/400 Matter 205/300 Energy 13/100 System Corruption 0% Temperature Cool (9) Movement Walking (120) Location -9/Storage Parts ------- > --- POWER (1) -------- (None) > --- PROPULSION (3) --- Aluminum Leg Aluminum Leg Aluminum Leg > --- UTILITY (3) ------ Small Storage Unit System Shield > --- WEAPON (2) ------- Medium Laser > --- INVENTORY (8) ---- Improved VTOL Module Improved VTOL Module Improved VTOL Module Sensor Array Improved Light Armor Plating Peak State ------------ > --- POWER ------------ Ion Engine > --- PROPULSION ------- Improved VTOL Module Improved VTOL Module Improved VTOL Module > --- UTILITY ---------- Small Storage Unit Improved Light Armor Plating System Shield > --- WEAPON ----------- EM Pulse Gun Light Assault Rifle > --- INVENTORY -------- Aluminum Leg Aluminum Leg Improved VTOL Module Improved Light Armor Plating Medium Laser Light Assault Rifle Grenade Launcher [Rating: 23] Favorites ----------- Power Ion Engine Engine Ion Engine Propulsion Improved VTOL Module Leg Aluminum Leg Wheel Wheel Flight Unit Improved VTOL Module Utility Small Storage Unit Storage Small Storage Unit Hackware System Shield Protection Improved Light Armor Plating Weapon Light Assault Rifle Energy Gun EM Pulse Gun Ballistic Gun Light Assault Rifle Launcher Grenade Launcher Special Weapon Welding Torch Build | -11 -10 -9 -9 ------- Run | Yrd Mat Mat Sto Slots Evolved 2 | . . 2 . Power . | . . . . Propulsion 1 | . . 1 . Utility 1 | . . 1 . Weapon . | . . . . Parts Attached 33 | 17 2 5 9 Power 3 | 2 1 . . Engine 3 | 2 1 . . Core . | . . . . Reactor . | . . . . Propulsion 12 | 4 1 3 4 Treads . | . . . . Leg 6 | 2 . . 4 Wheel 3 | 2 1 . . Hover . | . . . . Flight 3 | . . 3 . Utility 5 | 3 . 2 . Device . | . . . . Storage 3 | 3 . . . Processor . | . . . . Hackware 1 | . . 1 . Protection 1 | . . 1 . Artifact . | . . . . Weapon 13 | 8 . . 5 Energy Gun 7 | 5 . . 2 Energy Cannon . | . . . . Ballistic Gun 4 | 3 . . 1 Ballistic Cannon . | . . . . Launcher 1 | . . . 1 Special Weapon 1 | . . . 1 Impact Weapon . | . . . . Slashing Weapon . | . . . . Piercing Weapon . | . . . . Special Melee Weapon . | . . . . Unidentified Prototypes 1 | . . 1 . Corrupted Parts 1 | 1 . . . System Corruption 3 | 3 . . . Parts Lost 10 | . 2 . 8 Power 2 | . 1 . 1 Propulsion 2 | . 1 . 1 Utility 1 | . . . 1 Weapon 5 | . . . 5 Highest Loss Streak 8 | . 2 . 8 To Critical Strikes . | . . . . Average Slot Usage (%) 83 | . 81 90 82 Engine 9 | . 13 11 4 Leg 2 | . . . 6 Wheel 11 | . 25 5 . Flight 15 | . . 26 25 Storage 12 | . 14 11 11 Hackware 5 | . . 6 11 Protection 4 | . . 6 6 Energy Gun 10 | . 14 11 6 Ballistic Gun 11 | . 14 11 10 Naked Turns . | . . . . Heaviest Build 16 | 12 13 16 16 Greatest Support 30 | 20 26 26 30 Greatest Overweight (x) 3 | 3 1 2 2 Average Overweight (x) . | 1 . . . Largest Inventory Capacity 8 | 8 8 8 8 Average Capacity 7 | 7 8 8 8 Most Carried 8 | 8 7 7 8 Average Carried 6 | 6 6 6 6 Final Capacity 8 | 8 8 8 8 Final Carried 7 | 6 6 7 5 Class Distribution -------------------- 81% | Mutant 18% | Sprinter Dominant Class ---------------- Mutant | -10/Materials Mutant | -9/Materials Sprinter | -9/Storage Resources | -11 -10 -9 -9 ----------- Run | Yrd Mat Mat Sto Matter Collected 513 | 297 107 52 57 Remotely . | . . . . Salvage Created 458 | 77 159 56 166 Parts 40 | 7 19 4 10 Haulers Intercepted . | . . . . Recyclers Shooed 3 | 1 2 . . Parts Field Recycled . | . . . . Retrieved Matter . | . . . . Parts Self-Destructed . | . . . . Prevented . | . . . . Kills | -11 -10 -9 -9 ------- Run | Yrd Mat Mat Sto Combat Hostiles Destroyed 16 | . 9 1 6 Guns 12 | . 9 1 2 AOE 4 | . . . 4 Classes Destroyed 6 | 2 1 1 2 Worker 1 | 1 . . . Recycler 1 | 1 . . . Swarmer 9 | . 9 . . Grunt 3 | . . . 3 Duelist 1 | . . . 1 Sentry 3 | . . 1 2 Best Kill Streak 6 | 2 6 1 6 Combat Bots Only 6 | . 6 1 6 Max Kills in Single Turn 2 | 2 1 1 2 Gunslinging . | . . . . Exploded 2 | . . . 2 Melee . | . . . . Uniques/NPCs Destroyed . | . . . . Combat | -11 -10 -9 -9 -------- Run | Yrd Mat Mat Sto Hostile Shots Fired 208 | . 45 6 157 Missed 80 | . 11 3 66 Damage Taken 1561 | . 277 44 1240 Core 511 | . 97 15 399 Absorbed by Shields . | . . . . Core Remaining (%) 80 | 100 61 . . Volleys Fired 50 | 2 24 2 22 Largest 2 | 2 2 2 2 Hottest 90 | 90 60 60 60 Shots Fired 96 | 3 48 4 41 Gun 89 | 3 48 4 34 Cannon . | . . . . Launcher 7 | . . . 7 Special . | . . . . Kinetic 50 | . 24 2 24 Thermal 3 | 1 . . 2 Explosive 7 | . . . 7 Electromagnetic 36 | 2 24 2 8 Robot Hit Streak 22 | 2 7 3 22 Robot Miss Streak 7 | . 7 . 4 Penetration Max . | . . . . Secondary Targets 5 | . 4 . 1 Max Gunslinging Chain 1 | . 1 . 1 Shots Hit Robots 60 | 2 22 3 33 Core Hits 36 | 3 10 3 20 Critical Kills . | . . . . Critical Parts Destroyed . | . . . . Critical Strikes . | . . . . Melee Attacks . | . . . . Impact . | . . . . Slashing . | . . . . Piercing . | . . . . Sneak Attacks . | . . . . Combat Hostiles . | . . . . Follow-up Attacks . | . . . . Damage Inflicted 915 | 36 217 28 634 Guns 526 | 36 217 28 245 Cannons . | . . . . Explosions 389 | . . . 389 Melee . | . . . . Ramming . | . . . . Kinetic 275 | . 97 7 171 Thermal 24 | 12 . . 12 Explosive 389 | . . . 389 Electromagnetic 227 | 24 120 21 62 Impact . | . . . . Slashing . | . . . . Piercing . | . . . . Highest Corruption 3 | 3 3 . . Average Corruption 3 | 3 3 . . Corruption Purged . | . . . . Corruption Blocked . | . . . . Effects 1 | . 1 . . Message Errors 1 | . 1 . . Overload Shots . | . . . . Overflow Damage 16 | . . . 16 Projectiles . | . . . . Explosions 16 | . . . 16 Melee . | . . . . Knockbacks . | . . . . Impact . | . . . . Kinetic . | . . . . Secondary . | . . . . Self-Inflicted Damage 36 | . . . 36 Shots 1 | . . . 1 Rammed . | . . . . Targets Rammed . | . . . . Kicked . | . . . . Crushed . | . . . . Highest Temperature 91 | 30 80 29 91 Average Temperature 30 | 17 33 19 29 Received Heat Transfer 489 | . . 9 480 Siege Activations . | . . . . Robots Corrupted . | . . . . Combat Hostiles . | . . . . Parts Fried . | . . . . Impact Corruptions . | . . . . Robots Melted . | . . . . Combat Hostiles . | . . . . Parts Melted . | . . . . Heat Transferred 74 | 37 . . 37 Parts Sabotaged . | . . . . Parts Stolen . | . . . . Parts Stripped . | . . . . Power Chain Reactions . | . . . . Alert | -11 -10 -9 -9 ------- Run | Yrd Mat Mat Sto Peak Influence 315 | 10 241 146 315 Initial 101 | . 6 101 61 Average 111 | 4 135 135 196 Maximum Alert Level 1 | . 1 . 1 Low Security (%) 79 | 100 80 100 45 Level 1 20 | . 19 . 54 Level 2 . | . . . . Level 3 . | . . . . Level 4 . | . . . . Level 5 . | . . . . High Security . | . . . . Max Security . | . . . . Squads Dispatched 2 | . . . 2 Investigation . | . . . . Extermination . | . . . . Reinforcement 2 | . . . 2 Assault . | . . . . Garrison . | . . . . Intercept . | . . . . Searches Triggered . | . . . . Construction Impeded . | . . . . Haulers Reinforced . | . . . . Active Scanning Responses . | . . . . Cargo Convoy Interrupts . | . . . . Stealth | -11 -10 -9 -9 --------- Run | Yrd Mat Mat Sto Distress Signals 1 | . 1 . . Communications Jammed . | . . . . Distress Signals . | . . . . Times Spotted 28 | . 12 1 15 Peak Tracking Total 8 | . 6 1 8 Tactical Retreats 1 | . 1 . . Traps | -11 -10 -9 -9 ------- Run | Yrd Mat Mat Sto Traps Triggered . | . . . . Indirectly . | . . . . Trap Hack Attempts . | . . . . Triggered . | . . . . Disarmed . | . . . . Reprogrammed . | . . . . Reused . | . . . . Traps Extracted . | . . . . Installed . | . . . . Triggered . | . . . . Machines | -11 -10 -9 -9 ---------- Run | Yrd Mat Mat Sto Machines Disabled 1 | . 1 . . Max in Single Turn 1 | . 1 . . Machines Repaired . | . . . . Machines Dismantled . | . . . . Machines Sabotaged . | . . . . Overloaded Fab Kills . | . . . . Hacking | -11 -10 -9 -9 --------- Run | Yrd Mat Mat Sto Machines Accessed 1 | . . . 1 Terminals 1 | . . . 1 Fabricators . | . . . . Repair Stations . | . . . . Recycling Units . | . . . . Scanalyzers . | . . . . Garrison Access . | . . . . Total Hacks 1 | . . . 1 Successful 1 | . . . 1 Failed . | . . . . Catastrophic . | . . . . Database Lockouts . | . . . . Manual 1 | . . . 1 Terminals 1 | . . . 1 Fabricators . | . . . . Repair Stations . | . . . . Recycling Units . | . . . . Scanalyzers . | . . . . Garrison Access . | . . . . Terminal Hacks 1 | . . . 1 Hauler Manifests 1 | . . . 1 Fabricator Hacks . | . . . . Repair Station Hacks . | . . . . Recycling Unit Hacks . | . . . . Scanalyzer . | . . . . Garrison Access Hacks . | . . . . Unauthorized Hacks . | . . . . Terminals . | . . . . Fabricators . | . . . . Repair Stations . | . . . . Recycling Units . | . . . . Scanalyzers . | . . . . Garrison Access . | . . . . Data Cores Recovered . | . . . . Used . | . . . . Hacking Detections 1 | . . . 1 Full Trace Events . | . . . . Feedback Events . | . . . . Feedback Blocked . | . . . . Robot Schematics Acquired . | . . . . Robots Built . | . . . . Authchips . | . . . . Time . | . . . . Total Robot Build Rating . | . . . . Part Schematics Acquired . | . . . . Parts Built . | . . . . Authchips . | . . . . Time . | . . . . Total Part Build Rating . | . . . . Parts Repaired . | . . . . Time . | . . . . Parts Recycled . | . . . . Recycled Matter . | . . . . Retrieved Matter . | . . . . Retrieved Components . | . . . . Parts Scanalyzed . | . . . . Part Schematics Acquired . | . . . . Parts Damaged . | . . . . Bothacking | -11 -10 -9 -9 ------------ Run | Yrd Mat Mat Sto Used RIF Installer . | . . . . Robots Hacked . | . . . . Non-combat . | . . . . Combat . | . . . . Robot Hacks Applied . | . . . . Relay Couplers Released . | . . . . Fabnet Peak Effective % . | . . . . Robots Rewired . | . . . . Allies Hacked . | . . . . Hacks Repelled . | . . . . Allies | -11 -10 -9 -9 -------- Run | Yrd Mat Mat Sto Total Allies . | . . . . Largest Group . | . . . . Highest-Rated Group . | . . . . Highest-Rated Ally . | . . . . Total Orders . | . . . . Ally Attacks . | . . . . Total Damage . | . . . . Kills . | . . . . Allies Corrupted . | . . . . Allies Melted . | . . . . Intel | -11 -10 -9 -9 ------- Run | Yrd Mat Mat Sto Robot Analysis Total . | . . . . Derelict Logs Recovered . | . . . . Drone Launches . | . . . . Drone Recoveries . | . . . . Exploration | -11 -10 -9 -9 ------------- Run | Yrd Mat Mat Sto Turns Passed 624 | 195 170 82 177 Spaces Moved 487 | 94 113 70 210 Core 74 | 72 . . 2 Treads . | . . . . Legs 48 | 19 . . 29 Wheels 129 | 3 113 13 . Hover . | . . . . Flight 236 | . . 57 179 Fastest Speed 29 | 50 80 29 29 Average Speed 85 | 160 88 94 48 Slowest Speed 200 | 200 95 175 150 Overloaded Moves . | . . . . Propulsion Burnouts . | . . . . Robots Hopped . | . . . . Cave-ins Triggered . | . . . . Exploration Rate (%) 18 | 5 25 7 36 Regions Visited 3 Branch Regions 1 Pre-discovered Areas 1 | . . . 1 Known Exits Taken . | . . . . Unknown Exits Taken 3 | 1 1 1 . Scrap Searched . | . . . . Spaces Dug . | . . . . Terrain Destroyed 37 | . . . 37 Melee . | . . . . Projectile . | . . . . AOE 37 | . . . 37 Terrain Rammed . | . . . . Walls Destroyed . | . . . . Machines Disabled . | . . . . Actions | -11 -10 -9 -9 --------- Run | Yrd Mat Mat Sto Total 603 | 134 140 81 248 Wait 4 | . . . 4 Move 484 | 93 112 69 210 Hop . | . . . . Pick Up 18 | 13 2 2 1 Fast Attach 17 | 10 . 5 2 Attach 13 | 6 2 . 5 Detach 4 | 2 . . 2 Swap 3 | 1 . . 2 Drop 10 | 7 . 3 . Fire 50 | 2 24 2 22 Melee . | . . . . Ram . | . . . . Kick . | . . . . Crush . | . . . . Escape Stasis . | . . . . Rewire . | . . . . Trap . | . . . . Miscellaneous . | . . . . Route ------- -11/Scrapyard -10/Materials -9/Materials -9/Storage History --------- Turn | Location | Event 50 | -11/Scrapyard | Discovered new exit (range 15) 196 | -11/Scrapyard | Entered Materials 305 | -10/Materials | Build established: Mutant 348 | -10/Materials | Discovered new exit (range 4) 366 | -10/Materials | Entered another Materials area 366 | -9/Materials | Evolved 2 slots: Propulsion x1, Utility x1 372 | -9/Materials | Discovered new exit (range 16) 448 | -9/Materials | Entered Storage 560 | -9/Storage | Core integrity fell below 50% 575 | -9/Storage | Core integrity fell below 20% 609 | -9/Storage | Learned location of Armory (-3) 616 | -9/Storage | Lost 8 parts (1p1n1u5w) 625 | -9/Storage | Destroyed by Y-45 Defender with Beam Rifle Last Messages --------------- 00589_ Critical hit (Burn: +37). 00589_ Acquired Aluminum Leg. 00589_ K-01 Serf collects debris. 00591_ Acquired 31 matter. 00599_ O-16 Technician: "IFF HANDSHAKE FAILED. SECURING TERMINAL." 00604_ K-01 Serf collects debris. 00606_ A derelict emerges from hiding: "Psst-beep. Hey you, we've already cleared out from here, don't stick around. I stayed behind to warn any stragglers, and you certainly look like you're straggling." 00608_ ALERT: Hostiles spotted, dispatching reinforcements to Terminal S002. 00609_ 2Y-HBR(g): "We'll attack Armory later, meet at one of the rendevous points." World map updated: -3/Armory. 00609_ 2Y-HBR(g) slips back into hiding. 00611_ K-01 Serf collects debris. 00619_ R-06 Scavenger destroyed. Map ----- +----------------------------------------------------+ | ?????????????????????????# # ## ######%![ | | ?????????????????????????# %= *%[= ## | | ?????????????????????????# # = =* #? | | ?????????????????????????# % #####+####### #? | | ??????????????????????#### ### ????# #? | | ??????????????????????# ! ??# #? | | ??????????????????????# % !%# """ ## #? | | ??????????????????????# !%=# ] """ ## #? | | ??????????????????????# !==# """ ## #? | | ??????????????????????# # ## # | | ??????????????????????# == # ?## # | | ??????????????????????# !%* # ??# + | | ??????????????????????##### # ! ############ # | | ??????????????????????????#####=== # # | | ??????????????????????????????# %! + #? | | ??????????????????????????????# # #? | | ??????????????????????????????#! # #? | | ??????????????????????????????# ! # #? | | ??????????????????????????????# ! # #? | | ??????????????????????????????##+############ #? | | ?????????????????????????#####?# ############ #? | | ?????????????????????????# #?# ## # #? | | ??????????????????#??????# #?# ## # ## | | ??????????????????# ?????# #?# ## """ """ # ## | | ??????????????????# #######;#### ## """ """ + + | | ??????????????????# @* Y ## """ """ # # | | ??????????????????# %! Ym # # # | | ??????????????????# = # # ## | | ??????????????????# r # # ## | | ??????????????????# g ############ # | | ??????????????????### ############ # | | ????????????????????# ## ? # # | | ????????????????????# r + "??" # # | | ????????????????????# k## "???" # # | | ????????????????????# ## "????" + + | | ????????????????????# ## ""???" # # | | ????????????????????### ## ""??" # # | | ??????????????????????# ## """" # # | | ??????????????????????+ ## # # | | ??????????????????????# ############ # | | ??????????????????????# #??????????###### | | ????????????????????????? ???????????????? | | ???????????????????????????#####+????????????????? | | ?????????????????????????????????????????????????? | | ?????????????????????????????????????????????????? | | ?????????????????????????????????????????????????? | | ?????????????????????????????????????????????????? | | ?????????????????????????????????????????????????? | | | | | +----------------------------------------------------+ Best States ------------- Heat Dissipation 28 Energy Generation 10 Energy Capacity 250 Matter Stores 300 Matter Capacity 300 Sight Range 16 Terrain Scan Density 10 Armor Coverage 150 Evasion (%) 64 Defensive Hacking 10 Item Schematics ----------------- None Robot Schematics ------------------ None Fabricated ------------ Nothing Alien Tech Used ----------------- None Achievements -------------- None Challenges ------------ None Game ------ Seed WeldingResetBooster Manual? 0 Play Time 00:16:35 Cumulative 9.4 hours Start 2024.04.08 @ 00:07:48 End 2024.04.08 @ 00:37:53 Sessions 1 Manual Loads 0 Difficulty Rogue Special Mode None Game No. 22 Rogue 17 Adventurer 5 Explorer 0 Win Type - Total 0 Types 0/0/0/0/0/0/0/0/0 Lore% 2 Gallery% 19 Achievement% 14 Wizard Run 0 Options --------- Layout 1 ASCII 0 Keyboard 0 Movement Mouse Keybinds 0 Fullscreen 2 Font 32/Dina Map View 50x35 Zoom Use 0% Tactical HUD 1 Map Filters NONE Filters NONE Steam 1 RUN: 326b6eb0-5724-4653-b9a9-d35aab590648